 Dungeon Sprint DCSS version 0.13-a0-1585-g6f4f798 (console) character file.

9162 CN43 the Scorcher (level 11, 0/102 HPs)
             Began as a Djinni Fire Elementalist on June 13, 2013.
             Was the Champion of Vehumet.
             Slain by a deep dwarf death knight
             ... wielding a +2,+2 great sword
              (8 damage)
             ... in the Dungeon (Sprint V: "Ziggurat Sprint").
             The game lasted 00:28:56 (1169 turns).

CN43 the Scorcher (Djinni Fire Elementalist)        Turns: 1169, Time: 00:28:58

HP   0/102       AC 29     Str 14      XL: 11   Next: 19%
MP   0/0         EV 13     Int 25      God: Vehumet [******]
Gold 20          SH 29     Dex 19      Spells:  4 memorised, 17 levels left

Res.Fire  : + + +   See Invis. : +   x - +9,+6 lance "Wyrmbane" {slay drac, +Rage r Res.Cold : + . . Warding : . w - +5 ice dragon armour Life Prot.: + + + Conserve : . R - +3 shield of Magic {rN+ MR++ SInv Curse}
Res.Poison: +       Res.Corr.  : .   Q - +1 winged helmet {Int+3}
Res.Elec. : .       Clarity    : .   O - +1 cloak of Khuut {Int+3}
Sust.Abil.: . .     Spirit.Shd : .   (no gloves)
Res.Mut.  : .       Prev.Telep.: +   (boots unavailable)
Res.Rott. : .       Flight     : .   P - amulet of rage
Saprovore : . . .                    v - ring of Vitality {Regen HP+15}
                                     C - +6 ring of strength

@: exhausted, agile, slowed, very slow, very resistant to hostile enchantments,
unstealthy
A: no striking features
a: Renounce Religion, Evoke Berserk Rage


You were in the Dungeon.
You worshipped Vehumet.
Vehumet was exalted by your worship.
You were not hungry.

You visited 1 branch

Inventory:

Hand weapons
 x - the +9,+6 lance "Wyrmbane" (weapon) {slay drac, +Rage rPois rF+ AC+5}
   (You found it in the Dungeon)

   This legendary weapon is deadly to all dragonkind.
   It also provides some protection from the breath attacks of dragons and other
   creatures.
   It affects your AC (+5).
   It protects you from fire.
   It protects you from poison.
   It lets you go berserk.
Armour
 a - the +6 shield of the gong {Spirit, rElec rN+ MR+}
   (You found it in the Dungeon)

   It insulates you from electricity.
   It protects you from negative energy.
   It affects your resistance to hostile enchantments.
 q - a +2 cap of see invisible
 w - a +5 ice dragon armour (worn)
 O - the +1 cloak of Khuut (worn) {Int+3}
   (You found it in the Dungeon)

   It affects your intelligence (+3).
 Q - a +1 winged helmet of intelligence (worn)
 R - the +3 shield of Magic (worn) {rN+ MR++ SInv Curse}
   (You found it in the Dungeon)

   It protects you from negative energy.
   It affects your resistance to hostile enchantments.
   It enhances your eyesight.
   It may recurse itself.
Magical devices
 z - a wand of disintegration (7)
 A - a wand of fire (4)
 D - a wand of cold (5)
 E - a wand of draining (5)
 H - a wand of flame (0)
Scrolls
 i - a scroll of blinking
 r - 3 scrolls of fog
 t - 2 scrolls of identify
 u - 3 scrolls of remove curse
 K - a scroll of vorpalise weapon
Jewellery
 v - the ring of Vitality (right hand) {Regen HP+15}
   (You found it in the Dungeon)

   [ring of regeneration]

   It affects your health (+15).
 y - a +6 ring of dexterity
 B - a +6 ring of intelligence
 C - a +6 ring of strength (left hand)
 P - an amulet of rage (around neck)
Potions
 c - 2 potions of brilliance
 d - 10 potions of curing
 e - 8 potions of heal wounds
 f - 6 potions of speed
 g - 7 potions of magic
 h - 3 potions of berserk rage
 j - 2 potions of invisibility
 k - 2 potions of restore abilities
 l - 4 potions of resistance
 n - 4 potions of agility
 o - 4 potions of might
Books
 G - a book of Wizardry

   Spells                             Type                      Level
   Summon Elemental                   Summoning                    4
   Agony                              Necromancy                   5
   Lightning Bolt                     Conjuration/Air              5
   Fireball                           Conjuration/Fire             5
   Haste                              Charms                       6
   Invisibility                       Hexes                        6
Miscellaneous
 T - a fan of gales


   Skills:
 + Level 12.3 Polearms
 * Level 12.6 Armour
 + Level 5.6 Dodging
 - Level 1.5 Stealth
 + Level 12.5 Shields
 - Level 8.0 Spellcasting
 * Level 11.8 Conjurations
 * Level 2.0 Charms
   Level 10.0 Necromancy
 * Level 16.8 Fire Magic
 + Level 7.3 Evocations


You had 17 spell levels left.
You knew the following spells:

 Your Spells              Type           Power        Failure   Level  Hunger
a - Inner Flame           Hex/Fire       ######..     1%          3    None
b - Flame Tongue          Conj/Fire      #####        1%          1    None
c - Abjuration            Summ           ##........   78%         3    None
d - Fire Brand            Chrm/Fire      ######....   1%          2    None


Dungeon Overview and Level Annotations

Branches:
Dungeon (1/1)

Altars:
Ashenzari
Cheibriados
Elyvilon
Fedhas
Kikubaaqudgha
Makhleb
Nemelex Xobeh
Okawaru
Sif Muna
Trog
Vehumet
Xom
Yredelemnul
Zin
the Shining One
Beogh
Jiyva
Lugonu


Message History

You block the hungry ghost's attack.
Evoke which item? (* to show all) (? for menu, Esc to quit)
Zapping:
A - a wand of fire (5)
Press: ? - help, Shift-Dir - straight line, f - deep dwarf necromancer, p - deep dwarf death knight
Aim: a deep dwarf necromancer, wielding a dwarven hand axe and wearing a robe (inner flame)
The bolt of fire hits the deep dwarf berserker.
The deep dwarf berserker is almost dead.
The bolt of fire hits the deep dwarf necromancer.
The deep dwarf necromancer is heavily wounded.
This wand has 4 charges left.
The deep dwarf berserker hits you with a great sword!
* * * LOW HITPOINT WARNING * * *
You block the deep dwarf berserker's attack.
The deep dwarf death knight completely misses you.
You block the deep dwarf berserker's attack.
The hungry ghost hits you but does no damage.
The deep dwarf berserker hits you with a war axe!
* * * LOW HITPOINT WARNING * * *
The deep dwarf death knight hits you with a great sword!
You die...

.[} #..|.:....#.
..||}.:..#..}}.[=..#.
#.........#.........#.
.........#.........#.
# ....... #.........#.
#. ..qq. .#.........#.
#..#qqq#p.#.........#.
#.#Wqpqq#.#.#..)..#.#.
#..qp@qp..#.........##
#####################


You could see a deep dwarf death knight (inner flame), 2 deep dwarf berserkers,
2 deep dwarf artificers, 5 deep dwarf necromancers, a phantom, 3 hungry ghosts
and a wraith.

Vanquished Creatures
  A balrug (D)
  An unborn deep dwarf (D)
  A large abomination (D)
  A giant amoeba (D)
  2 cyclopes (D)
  A black mamba (D)
  A naga mage (D)
  An ugly thing (D)
  An efreet (D)
  A spriggan (D)
  2 polar bears (D)
  An ancient zyme (D)
  A blue devil (D)
  A deep dwarf artificer (D)
  A two-headed ogre (D)
  A deep dwarf scion (D)
  3 grizzly bears (D)
  A war dog (shapeshifter) (D)
  A hell hound (D)
  2 freezing wraiths (D)
  A small abomination (D)
  A black bear (D)
  2 deep dwarves (D)
  An ogre (D)
  2 nagas (D)
  A wolf (D)
  A water moccasin (D)
  4 crimson imps (D)
  An eye of draining (D)
  A fire bat (D)
  2 quasits (D)
  A jelly (D)
  2 lemures (D)
  A worm simulacrum (D)
  2 adders (D)
  A shadow imp (D)
  2 white imps (D)
  4 ufetubi (D)
  2 oozes (D)
  7 ball pythons (D)
  A hobgoblin (shapeshifter) (D)
65 creatures vanquished.

Vanquished Creatures (others)
  3 spatial maelstroms (D)
3 creatures vanquished.

Grand Total: 68 creatures vanquished

Notes
Turn   | Place    | Note
--------------------------------------------------------------
     0 | D        | CN43, the Djinni Fire Elementalist, began the quest for the Orb.
     0 | D        | Reached XP level 1. HP: 14/14 MP: 0/0
     1 | D        | Found an ancient bone altar of Kikubaaqudgha.
     1 | D        | Found a white marble altar of Elyvilon.
     1 | D        | Banished a spatial maelstrom
     2 | D        | Found an iron altar of Okawaru.
     2 | D        | Found a burning altar of Makhleb.
     3 | D        | Banished a spatial maelstrom
     4 | D        | Found a radiant altar of Vehumet.
     4 | D        | Found a deep blue altar of Sif Muna.
     4 | D        | Found a basalt altar of Yredelemnul.
     4 | D        | Found a sparkling altar of Nemelex Xobeh.
    12 | D        | Found a shimmering altar of Xom.
    23 | D        | Banished a spatial maelstrom
    34 | D        | Found a bloodstained altar of Trog.
    73 | D        | Became a worshipper of Vehumet
    79 | D        | Reached XP level 2. EP: 21/21
    84 | D        | Entered arena 1.
    84 | D        | Noticed a crimson imp
    90 | D        | Killed a crimson imp
    90 | D        | Acquired Vehumet's first power
    90 | D        | Offered knowledge of Sandblast by Vehumet.
    90 | D        | Reached skill level 5 in Fire Magic
    90 | D        | Reached skill level 1 in Evocations
    90 | D        | Reached XP level 3. EP: 27/27
    95 | D        | Identified Riwyt's Handbook of Helpful Dark Arts
   120 | D        | Entered arena 2.
   120 | D        | Noticed a purple ugly thing
   120 | D        | Noticed a war dog
   120 | D        | Noticed a yellow wasp
   121 | D        | a yellow wasp changed into an ooze
   124 | D        | Killed a war dog
   124 | D        | Reached skill level 5 in Polearms
   124 | D        | Reached skill level 5 in Armour
   124 | D        | Reached skill level 5 in Shields
   124 | D        | Reached skill level 6 in Fire Magic
   124 | D        | Reached XP level 4. EP: 36/36
   124 | D        | Reached XP level 5. EP: 42/42
   131 | D        | Killed a purple ugly thing
   131 | D        | Reached skill level 9 in Fire Magic
   131 | D        | Reached XP level 6. EP: 51/51
   147 | D        | Learned a level 3 spell: Inner Flame
   167 | D        | Entered arena 3.
   167 | D        | Noticed a cyclops
   167 | D        | Noticed an ogre
   167 | D        | Noticed a two-headed ogre
   167 | D        | Noticed a cyclops
   173 | D        | Killed a two-headed ogre
   173 | D        | Reached skill level 5 in Spellcasting
   173 | D        | Reached skill level 5 in Conjurations
   173 | D        | Reached skill level 10 in Fire Magic
   173 | D        | Reached skill level 5 in Evocations
   173 | D        | Reached XP level 7. EP: 59/59
   174 | D        | Killed an ogre
   179 | D        | Killed a cyclops
   179 | D        | Reached skill level 11 in Fire Magic
   179 | D        | Reached XP level 8. EP: 67/67
   186 | D        | Killed a cyclops
   186 | D        | Reached skill level 12 in Fire Magic
   340 | D        | Entered arena 4.
   340 | D        | Noticed a deep dwarf scion
   340 | D        | Noticed a deep dwarf
   340 | D        | Noticed a deep dwarf
   340 | D        | Noticed a deep dwarf artificer
   356 | D        | Killed a deep dwarf
   356 | D        | Killed a deep dwarf
   356 | D        | Acquired Vehumet's second power
   356 | D        | Offered knowledge of Force Lance by Vehumet.
   356 | D        | Reached skill level 1 in Necromancy
   356 | D        | Reached skill level 13 in Fire Magic
   361 | D        | Killed a deep dwarf artificer
   363 | D        | Killed a deep dwarf scion
   363 | D        | Acquired Vehumet's third power
   363 | D        | Reached XP level 9. EP: 75/75
   450 | D        | Entered arena 5.
   450 | D        | Noticed a giant amoeba
   450 | D        | Noticed an eye of draining
   458 | D        | Killed an eye of draining
   458 | D        | Killed a giant amoeba
   458 | D        | Reached skill level 14 in Fire Magic
   526 | D        | Entered arena 6.
   526 | D        | Noticed a black bear
   526 | D        | Noticed a grizzly bear
   526 | D        | Noticed a grizzly bear
   526 | D        | Noticed a wolf
   526 | D        | Noticed a spriggan
   526 | D        | Noticed a grizzly bear
   539 | D        | Killed a wolf
   539 | D        | Killed a grizzly bear
   539 | D        | Killed a spriggan
   539 | D        | Offered knowledge of Dazzling Spray by Vehumet.
   539 | D        | Reached skill level 10 in Armour
   539 | D        | Reached skill level 5 in Necromancy
   539 | D        | Killed a black bear
   539 | D        | Reached skill level 10 in Polearms
   539 | D        | Reached skill level 10 in Shields
   543 | D        | Killed a grizzly bear
   543 | D        | Killed a grizzly bear
   577 | D        | Entered arena 7.
   577 | D        | Noticed a naga
   577 | D        | Noticed a naga mage
   577 | D        | Noticed a water moccasin
   577 | D        | Noticed a black mamba
   585 | D        | Killed a black mamba
   585 | D        | Killed a naga
   585 | D        | Killed a water moccasin
   585 | D        | Killed a naga mage
   585 | D        | Reached skill level 10 in Conjurations
   585 | D        | Reached XP level 10. EP: 80/81
   749 | D        | Entered arena 8.
   749 | D        | Noticed a polar bear
   749 | D        | Noticed a polar bear
   749 | D        | Noticed a freezing wraith
   749 | D        | Noticed a freezing wraith
   749 | D        | Noticed a blue devil
   770 | D        | Killed a blue devil
   770 | D        | Killed a freezing wraith
   770 | D        | Offered knowledge of Olgreb's Toxic Radiance by Vehumet.
   770 | D        | Killed a freezing wraith
   770 | D        | Reached skill level 15 in Fire Magic
   770 | D        | Killed a polar bear
   772 | D        | Killed a polar bear
   780 | D        | Identified Qafyck's Advanced Secret Knowledge
   783 | D        | Got the +1 cloak of Khuut {Int+3}
   824 | D        | Entered arena 9.
   824 | D        | Noticed a naga
   832 | D        | Killed a naga
   843 | D        | Got the +3 shield of Magic {rN+ MR++ SInv Curse}
   893 | D        | Entered arena 10.
   893 | D        | Noticed an ancient zyme
   893 | D        | Noticed a fire bat
   893 | D        | Noticed a quasit
   893 | D        | Noticed a crimson imp
   899 | D        | Killed a quasit
   899 | D        | Offered knowledge of Iskenderun's Mystic Blast by Vehumet.
   900 | D        | Killed a fire bat
   903 | D        | Killed a crimson imp
   904 | D        | Killed an ancient zyme
   916 | D        | Got the ring "Skuokhiz" {rC+ Stlth++}
   990 | D        | Entered arena 11.
   990 | D        | Noticed a crimson imp
   990 | D        | Noticed a quasit
   990 | D        | Noticed a small abomination
   990 | D        | Noticed a crimson imp
   990 | D        | Noticed an efreet
   990 | D        | Noticed a hell hound
   992 | D        | Noticed a balrug
   995 | D        | Noticed a large abomination
  1000 | D        | Killed a crimson imp
  1000 | D        | Killed a quasit
  1000 | D        | Killed a small abomination
  1005 | D        | Killed an efreet
  1009 | D        | Killed a crimson imp
  1015 | D        | Killed a hell hound
  1018 | D        | Killed a large abomination
  1037 | D        | Killed a balrug
  1037 | D        | Reached skill level 5 in Dodging
  1037 | D        | Reached skill level 10 in Necromancy
  1037 | D        | Reached skill level 16 in Fire Magic
  1037 | D        | Reached XP level 11. EP: 66/87
  1116 | D        | Learned a level 3 spell: Abjuration
  1119 | D        | Learned a level 2 spell: Fire Brand
  1133 | D        | Entered arena 12.
  1133 | D        | Noticed a deep dwarf necromancer
  1133 | D        | Noticed a deep dwarf necromancer
  1133 | D        | Noticed a deep dwarf necromancer
  1133 | D        | Noticed a deep dwarf necromancer
  1133 | D        | Noticed a deep dwarf necromancer
  1133 | D        | Noticed a deep dwarf berserker
  1133 | D        | Noticed a deep dwarf berserker
  1133 | D        | Noticed an unborn deep dwarf
  1134 | D        | Noticed a deep dwarf artificer
  1134 | D        | Noticed a deep dwarf death knight
  1135 | D        | Noticed a deep dwarf artificer
  1149 | D        | Killed an unborn deep dwarf
  1149 | D        | Offered knowledge of Conjure Ball Lightning by Vehumet.
  1169 | D        | Slain by a deep dwarf death knight

Action                   |  1- 3 |  4- 6 |  7- 9 | 10-12 || total
-------------------------+-------+-------+-------+-------++-------
Melee: Lance             |     8 |    12 |    51 |   104 ||   175
 Cast: Inner Flame       |       |       |     9 |    17 ||    26
 Abil: Evoke Berserk Rag |     2 |     1 |     4 |     5 ||    12
Evoke: Wand              |       |       |       |     1 ||     1
  Use: Potion            |     1 |       |       |     1 ||     2
